cohdb
Replays
Latest Replays
All Replays
Popular Replays
Top Player Replays
Match Explorer
How It Works
Community
CoH3 Stats
Reddit
Sign in to upload your games and track your stats! →
Sign in with Steam
Match 43637121
Unlisted
Match 43637121
Overview
Messages
Build Orders
End
Kradschützen Motorcycle Team
Panzergrenadier Squad
250 Light Carrier
Panzergrenadier Squad
Panzergrenadier Squad
Construct Light Support Kompanie
Fire Support Elements
Veteran Squad Leaders
Selects Panzerjäger Kommand Battlegroup
Selects Panzerjäger Kommand Battlegroup
Selects Mine Fields
Selects Tank Busters
2.5-tonne Medical Truck
Construct Panzerarmee Kommand
Selects Defensive Positions
Selects Butterfly Bomb Drop
Panzerjäger Mechanized Group
Armored Reserves
Selects Crew Shock Tactics
Walking Stuka Rocket Launcher
Butterfly Bomb Drop
Panzer IV Assault Group
Vehicle Survival Package
Chilly
robwarrior
0
0
Comments
sign in to comment!
No comments posted yet!